Cogmind - Beta 15 @@@ ROGUE MODE // 2025.07.04 @ 04:15:20 Player: Stump Result: Destroyed by D-53 Grenadier with Mini Grenade Launcher Performance ------------- Evolutions (0) 0 Regions Visited (2) 400 Robots Destroyed (24) 120 Value Destroyed (470) 470 Prototype IDs (0) 0 Alien Tech Used (0) 0 Bonus (0) 0 TOTAL SCORE: 990 Bonus ------- None Cogmind --------- Core Integrity 0/250 Matter 271/300 Energy 62/100 System Corruption 1% Temperature Cool (2) Movement Walking (120) Location -10/Mines Parts ------- > --- POWER (1) -------- (None) > --- PROPULSION (2) --- Aluminum Leg Aluminum Leg > --- UTILITY (2) ------ Medium Storage Unit Improved Terrain Scanner > --- WEAPON (2) ------- Assault Rifle Grenade Launcher > --- INVENTORY (10) --- Aluminum Leg Improved Heat Sink Medium Matter Pod (100) Terrain Scan Processor Beam Rifle Beamcaster Beam Cannon Beam Cannon Mini Grenade Launcher Peak State ------------ > --- POWER ------------ Ion Engine > --- PROPULSION ------- Carbon-fiber Leg Carbon-fiber Leg > --- UTILITY ---------- Medium Storage Unit Tractor Beam > --- WEAPON ----------- Beamcaster Assault Rifle > --- INVENTORY -------- Aluminum Leg Aluminum Leg Aluminum Leg Improved Heat Sink Medium Matter Pod Beam Rifle Beam Cannon Beam Cannon Grenade Launcher Mini Grenade Launcher [Rating: 16] Favorites ----------- Power Ion Engine Engine Ion Engine Propulsion Aluminum Leg Leg Aluminum Leg Utility Tractor Beam Device Tractor Beam Storage Medium Storage Unit Weapon Beam Cannon Energy Gun Beam Rifle Energy Cannon Beam Cannon Ballistic Gun Assault Rifle Launcher Grenade Launcher Special Weapon Mining Laser Build | -11 -10 -10 ------- Run | Yrd Mat Min Slots Evolved . | . . . Power . | . . . Propulsion . | . . . Utility . | . . . Weapon . | . . . Parts Attached 25 | 5 12 8 Power 2 | 1 1 . Engine 2 | 1 1 . Core . | . . . Reactor . | . . . Propulsion 8 | 2 3 3 Treads . | . . . Leg 8 | 2 3 3 Wheel . | . . . Hover . | . . . Flight . | . . . Utility 5 | 1 2 2 Device 3 | . 1 2 Storage 2 | 1 1 . Processor . | . . . Hackware . | . . . Protection . | . . . Artifact . | . . . Weapon 10 | 1 6 3 Energy Gun 3 | . 2 1 Energy Cannon 2 | . 2 . Ballistic Gun 2 | 1 . 1 Ballistic Cannon . | . . . Launcher 2 | . 2 . Special Weapon 1 | . . 1 Impact Weapon . | . . . Slashing Weapon . | . . . Piercing Weapon . | . . . Special Melee Weapon . | . . . Unidentified Prototypes . | . . . Corrupted Parts 1 | . . 1 System Corruption 1 | . . 1 Parts Lost 4 | . . 4 Power 1 | . . 1 Propulsion 2 | . . 2 Utility 1 | . . 1 Weapon . | . . . Highest Loss Streak 2 | . . 2 To Critical Strikes . | . . . Average Backups 7 | 2 6 9 Power . | . . . Propulsion 1 | 1 1 2 Utility 1 | . 1 2 Weapon 3 | 1 3 4 Tool/Special . | . . . Unused Backups 11 | . 5 6 Power . | . . . Propulsion 5 | . 2 3 Utility 4 | . 1 3 Weapon 1 | . 1 . Tool/Special 1 | . 1 . Average Slot Usage (%) 95 | . 98 88 Engine 12 | . 14 7 Leg 27 | . 28 26 Device 12 | . 13 11 Storage 14 | . 14 14 Energy Gun 3 | . 2 6 Energy Cannon 11 | . 13 6 Ballistic Gun 8 | . 9 7 Launcher 2 | . 2 3 Special Weapon 1 | . . 4 Peak Build Rating 16 | 5 9 16 Average Rating 7 | 3 7 9 On Entrance 4 | . 5 9 Naked Turns . | . . . Heaviest Build 23 | 12 22 23 Greatest Support 25 | 20 20 25 Greatest Overweight (x) 1 | 1 1 1 Average Overweight (x) . | . . . Largest Inventory Capacity 10 | 8 10 10 Average Capacity 9 | 6 8 10 Most Carried 10 | 5 10 10 Average Carried 7 | 2 6 9 Final Capacity 10 | 8 10 10 Final Carried 10 | 4 10 9 Class Distribution -------------------- 100% | Mutant Dominant Class ---------------- Mutant | -10/Materials Mutant | -10/Mines Resources | -11 -10 -10 ----------- Run | Yrd Mat Min Matter Collected 794 | 229 315 250 Remotely 495 | . 315 180 Salvage Created 742 | . 532 210 Parts 31 | . 28 3 Haulers Intercepted . | . . . Recyclers Shooed . | . . . Parts Field Recycled . | . . . Retrieved Matter . | . . . Parts Self-Destructed . | . . . Prevented . | . . . Kills | -11 -10 -10 ------- Run | Yrd Mat Min Combat Hostiles Destroyed 34 | . 14 20 Guns 15 | . 3 12 Cannons 6 | . 5 1 AOE 13 | . 6 7 Classes Destroyed 8 | . 7 1 Worker 1 | . 1 . Builder 2 | . 2 . Recycler 1 | . 1 . Operator 1 | . 1 . Watcher 2 | . 2 . Swarmer 9 | . 6 3 Grunt 8 | . 8 . Assembled 17 | . . 17 Best Kill Streak 11 | . 5 11 Combat Bots Only 11 | . 3 11 Max Kills in Single Turn 3 | . 3 2 Gunslinging . | . . . Exploded 2 | . 2 2 Melee . | . . . Uniques/NPCs Destroyed . | . . . Combat | -11 -10 -10 -------- Run | Yrd Mat Min Hostile Shots Fired 135 | . 69 66 Missed 40 | . 26 14 Hits 95 | . 43 52 Melee 5 | . . 5 Projectile 90 | . 43 47 AOE 1 | . . 1 Damage Taken 1242 | . 467 775 Core 263 | . 70 193 Absorbed by Shields . | . . . Core Remaining (%) 100 | 100 . . Volleys Fired 77 | . 39 38 Largest 2 | . 2 2 Hottest 135 | . 116 135 Shots Fired 144 | . 78 66 Gun 84 | . 32 52 Cannon 48 | . 39 9 Launcher 12 | . 7 5 Special . | . . . Kinetic 58 | . 30 28 Thermal 74 | . 41 33 Explosive 12 | . 7 5 Electromagnetic . | . . . Robot Hit Streak 5 | . 5 5 Robot Miss Streak 6 | . 6 4 Penetration Max . | . . . Secondary Targets 1 | . . 1 Max Gunslinging Chain 1 | . . 1 Shots Hit Robots 70 | . 37 33 Core Hits 56 | . 26 30 Critical Kills . | . . . Critical Parts Destroyed . | . . . Critical Strikes 2 | . . 2 Burn 2 | . . 2 Melee Attacks . | . . . Impact . | . . . Slashing . | . . . Piercing . | . . . Sneak Attacks . | . . . Combat Hostiles . | . . . Follow-up Attacks . | . . . Damage Inflicted 2180 | . 1311 869 Guns 634 | . 229 405 Cannons 452 | . 365 87 Explosions 1090 | . 713 377 Melee . | . . . Ramming 4 | . 4 . Kinetic 349 | . 201 148 Thermal 737 | . 393 344 Explosive 1090 | . 713 377 Electromagnetic . | . . . Impact . | . . . Slashing . | . . . Piercing . | . . . Highest Corruption 1 | . . 1 Average Corruption 1 | . . 1 Corruption Purged . | . . . Corruption Blocked . | . . . Effects 1 | . . 1 Message Errors 1 | . . 1 Overload Shots . | . . . Overflow Damage 34 | . 18 16 Projectiles 15 | . . 15 Explosions 19 | . 18 1 Melee . | . . . Knockbacks . | . . . Impact . | . . . Kinetic . | . . . Secondary . | . . . Self-Inflicted Damage 66 | . 45 21 Shots 2 | . 1 1 Rammed . | . . . Targets Rammed 1 | . 1 . Kicked 1 | . 1 . Crushed . | . . . Highest Temperature 270 | . 177 270 Average Temperature 64 | . 58 71 Received Heat Transfer 205 | . 105 100 Siege Activations . | . . . Martial Activations . | . . . Shielding Activations . | . . . Robots Disrupted . | . . . Combat Hostiles . | . . . Robots Corrupted . | . . . Combat Hostiles . | . . . Parts Fried . | . . . Impact Corruptions . | . . . Robots Melted . | . . . Combat Hostiles . | . . . Parts Melted 1 | . . 1 Heat Transferred 1665 | . 851 814 Parts Sabotaged . | . . . Parts Stolen . | . . . Parts Stripped . | . . . Power Chain Reactions . | . . . Alert | -11 -10 -10 ------- Run | Yrd Mat Min Maximum Alert Level 1 | . 1 . Low Security (%) 92 | 100 88 100 Level 1 7 | . 11 . Level 2 . | . . . Level 3 . | . . . Level 4 . | . . . Level 5 . | . . . High Security . | . . . Max Security . | . . . Peak Influence 224 | . 224 139 Initial 54 | . . 54 Average 92 | . 119 41 Influence Increases 612 | . 499 113 Destroy 0b10 Robot/C 340 | . 280 60 Destroy 0b10 Robot/NC 35 | . 35 . Destroy Leader 64 | . 54 10 Successful Hack 25 | . 25 . Disable Machine 45 | . 30 15 Destroy Structure 73 | . 45 28 Lose Combat Pursuer 30 | . 30 . Influence Decreases 612 | . 360 252 Entered New Map 85 | . . 85 Time Decay 488 | . 360 128 Lost Part 19 | . . 19 Lost Ally 20 | . . 20 Squads Dispatched 3 | . 3 . Investigation 3 | . 3 . Extermination . | . . . Reinforcement . | . . . Assault . | . . . Garrison . | . . . Intercept . | . . . Searches Triggered . | . . . Construction Impeded . | . . . Haulers Reinforced . | . . . Active Scanning Responses . | . . . Cargo Convoy Interrupts . | . . . Stealth | -11 -10 -10 --------- Run | Yrd Mat Min Distress Signals 2 | . 1 1 Communications Jammed . | . . . Distress Signals . | . . . Times Spotted 47 | . 23 24 Peak Tracking Total 8 | . 4 8 Tactical Retreats 2 | . 1 1 Traps | -11 -10 -10 ------- Run | Yrd Mat Min Traps Triggered 1 | . 1 . Indirectly . | . . . Trap Hack Attempts . | . . . Triggered . | . . . Disarmed . | . . . Reprogrammed . | . . . Reused . | . . . Traps Extracted . | . . . Installed . | . . . Triggered . | . . . Machines | -11 -10 -10 ---------- Run | Yrd Mat Min Machines Disabled 3 | . 2 1 Max in Single Turn 1 | . 1 1 Machines Repaired . | . . . Machines Dismantled . | . . . Machines Sabotaged . | . . . Overloaded Fab Kills . | . . . Hacking | -11 -10 -10 --------- Run | Yrd Mat Min Machines Accessed 9 | . 9 . Terminals 7 | . 7 . Fabricators . | . . . Repair Stations . | . . . Recycling Units 2 | . 2 . Scanalyzers . | . . . Garrison Access . | . . . Total Hacks 29 | . 29 . Successful 14 | . 14 . Failed 15 | . 15 . Catastrophic 1 | . 1 . Database Lockouts . | . . . Manual . | . . . Terminals 24 | . 24 . Fabricators . | . . . Repair Stations . | . . . Recycling Units 5 | . 5 . Scanalyzers . | . . . Garrison Access . | . . . Terminal Hacks 10 | . 10 . Robot Analysis 1 | . 1 . Branch Access Points 1 | . 1 . Emergency Access Points 1 | . 1 . Alert Level 1 | . 1 . Locate Traps 1 | . 1 . Dispatch Records 1 | . 1 . Hauler Manifests 1 | . 1 . Zone Layout 3 | . 3 . Fabricator Hacks . | . . . Repair Station Hacks . | . . . Recycling Unit Hacks 4 | . 4 . Process 1 | . 1 . Report Inventory 2 | . 2 . Retrieve Matter 1 | . 1 . Scanalyzer . | . . . Garrison Access Hacks . | . . . Unauthorized Hacks . | . . . Terminals . | . . . Fabricators . | . . . Repair Stations . | . . . Recycling Units . | . . . Scanalyzers . | . . . Garrison Access . | . . . Data Cores Recovered . | . . . Used . | . . . Hacking Detections 8 | . 8 . Full Trace Events 2 | . 2 . Feedback Events . | . . . Feedback Blocked . | . . . Robot Schematics Acquired . | . . . Robots Built . | . . . Authchips . | . . . Time . | . . . Total Robot Build Rating . | . . . Part Schematics Acquired . | . . . Parts Built . | . . . Authchips . | . . . Time . | . . . Total Part Build Rating . | . . . Parts Repaired . | . . . Time . | . . . Parts Recycled . | . . . Recycled Matter 116 | . 116 . Retrieved Matter 116 | . 116 . Retrieved Components . | . . . Parts Scanalyzed . | . . . Part Schematics Acquired . | . . . Parts Damaged . | . . . Bothacking | -11 -10 -10 ------------ Run | Yrd Mat Min Used RIF Installer . | . . . Robots Hacked . | . . . Non-combat . | . . . Combat . | . . . Robot Hacks Applied . | . . . Relay Couplers Released . | . . . Fabnet Peak Effective % . | . . . Robots Rewired . | . . . Allies Hacked . | . . . Hacks Repelled . | . . . Allies | -11 -10 -10 -------- Run | Yrd Mat Min Total Allies 1 | . . 1 Largest Group 1 | . . 1 Highest-Rated Group 31 | . . 31 Highest-Rated Ally 31 | . . 31 Total Orders . | . . . Ally Attacks 14 | . . 14 Total Damage 83 | . . 83 Kills 2 | . . 2 Allies Corrupted . | . . . Allies Melted . | . . . Intel | -11 -10 -10 ------- Run | Yrd Mat Min Active Infowar (turns) 42 | . . 42 Terrain 42 | . . 42 Robot Analysis Total 1 | . 1 . Derelict Logs Recovered 1 | . . 1 Drone Launches . | . . . Drone Recoveries . | . . . Exploration | -11 -10 -10 ------------- Run | Yrd Mat Min Turns Passed 1616 | 76 1096 444 Spaces Moved 838 | 54 609 175 Core 10 | 10 . . Treads . | . . . Legs 828 | 44 609 175 Wheels . | . . . Hover . | . . . Flight . | . . . Fastest Speed 50 | 50 120 120 Average Speed 138 | 113 142 130 Slowest Speed 190 | 120 190 190 Overloaded Moves . | . . . Propulsion Burnouts . | . . . Robots Hopped . | . . . Potential Cave-ins . | . . . Cave-ins Triggered . | . . . Exploration Rate (%) 38 | 5 78 32 Regions Visited 2 Branch Regions 1 Pre-discovered Areas . | . . . Known Exits Taken 1 | . 1 . Unknown Exits Taken 1 | 1 . . Scrap Searched . | . . . Spaces Dug . | . . . Terrain Destroyed 95 | . 46 49 Melee . | . . . Projectile 2 | . . 2 AOE 93 | . 46 47 Terrain Rammed . | . . . Walls Destroyed . | . . . Machines Disabled . | . . . Actions | -11 -10 -10 --------- Run | Yrd Mat Min Total 1151 | 68 759 324 Wait 151 | . 66 85 Move 836 | 53 608 175 Hop . | . . . Pick Up 34 | 9 19 6 Fast Attach . | . . . Attach 12 | 5 2 5 Detach . | . . . Swap 23 | 1 12 10 Drop 17 | . 12 5 Fire 77 | . 39 38 Melee . | . . . Ram . | . . . Kick 1 | . 1 . Crush . | . . . Escape Stasis . | . . . Rewire . | . . . Trap . | . . . Miscellaneous . | . . . Route ------- -11/Scrapyard -10/Materials (discovered 3 exits: [*Mat] / *Min x2) -10/Mines History --------- Turn | Location | Event 10 | -11/Scrapyard | Discovered new exit (range 16) 77 | -11/Scrapyard | Entered Materials 317 | -10/Materials | Build established: Mutant 469 | -10/Materials | Discovered new exit (range 9) 481 | -10/Materials | Identified exit to Mines 712 | -10/Materials | Discovered new exit (range 16) 1173 | -10/Materials | Entered Mines 1207 | -10/Mines | Received a Mining Laser from a helpful Derelict 1264 | -10/Mines | Learned Materials trap positions 1283 | -10/Mines | Assembled infested the area 1456 | -10/Mines | Core integrity fell below 50% 1486 | -10/Mines | Core integrity fell below 20% 1520 | -10/Mines | Destroyed 11 combat bots 1617 | -10/Mines | Destroyed by D-53 Grenadier with Mini Grenade Launcher Last Messages --------------- Acquired 7 matter. Carbon-fiber Leg destroyed. Tractor Beam destroyed. as-65381 destroyed. as-27241 destroyed. [Achievement: Exterminator] Acquired 5 matter. Acquired 14 matter. Acquired 10 matter. as-83832 destroyed. The unstable cave ceiling collapses. as-05378 destroyed. The unstable cave ceiling collapses. Acquired 19 matter. Acquired Terrain Scanner. Acquired 22 matter. Acquired Terrain Scan Processor. Dropped Terrain Scanner. Acquired Imp. Terrain Scanner. T-07 Excavator is excavating. Map ----- +----------------------------------------------------+ | | | | | | | | | | | | | | | | | ????????????????????????????????????????????? | | ????????????????????????????????????????????? | | ????????????????????????????????????????????? | | ?????????????????????????#??????????????????? | | ????????? ??????????????????????????????????? | | ????????? ??????????????????????????????????? | | ????????? ??????????????????????????????????? | | ????????? ??????????????????????????????????? | | ????????? ??????????????????????????????????? | | ????????? ??????????????????????????????????? | | ????????? ??????????????????????????????????? | | ????????# #???????#???????##????????????????? | | ????????# #??????#??????? #?#??????????????? | | ???????## #?????????????? #????????????????? | | ??##????# #???????####### #????????????????? | | ??# ##??# #??????## #?????????######## | | ??# #??# #??????# ##????????# | | ?## #??# #??????# @ ##???????# """%% | | ?# #??# #???#??# #???##### """ | | ?# ##?# #?????## ### #??# "" | | ?# #?# #????## ##??### d # | | ?# ### #???## #??????? d # | | ??# %#??## ##?????????# ! ####### | | ??# ######### ###????????? # ## ??????# | | ?## ## ## ##????????????# #??? ??????# | | ## |= ##????????????# #??????????## | | ### = #????????????# #???????????? | | ??## ### #????????????# #???????????? | | ??## # ## ##????????????# #???????????? | | ??# ## """ #?????????????# #???????????? | | ?## * # """ =##?#?#?????#??# #???????????? | | ?# # """ #####????????# #???????????? | | ?# # #??????### #???????????? | | ?# # #### #### #?????## ##??????????? | | ?#### # #??## ##?# #????## #??????????? | | ???# ##???# ### #???## #??????????? | | ??# #???# !% !## #??## ##??????????? | | ??## ##???# = ## #### """ ##???????????? | | ???# ###????## """ #????????????? | | ???# ????????# """ #????????????? | | ???# ????????## ####### #????????????? | | ???# ?????????## ##?????# #???????????? | +----------------------------------------------------+ Best States ------------- Heat Dissipation 25 Energy Generation 10 Energy Capacity 250 Matter Stores 300 Matter Capacity 300 Sight Range 16 Terrain Scan Range 16 Terrain Scan Density 10 Evasion (%) 55 Item Schematics ----------------- None Robot Schematics ------------------ None Fabricated ------------ Nothing Repaired ---------- Nothing Alien Tech Used ----------------- None Achievements -------------- Exterminator Challenges ------------ None Game ------ Seed FissionCommChip Manual? 0 Play Time 00:36:22 Cumulative 7.6 hours Start 2025.07.04 @ 03:32:50 End 2025.07.04 @ 04:15:20 Sessions 1 Manual Loads 0 Difficulty Rogue Special Mode None Game No. 6 Rogue 6 Adventurer 0 Explorer 0 Win Type - Total 0 Types 0/0/0/0/0/0/0/0/0/0 Lore% 2 Gallery% 12 Achievement% 12 Wizard Run 0 Options --------- Layout 1 ASCII 0 Keyboard 0 Movement Mouse Keybinds 0 Fullscreen 1 Font 24/Smallcaps Map View 50x35 Zoom Use 0% Tactical HUD 0 Map Filters NONE Filters NONE Steam 1 RUN: 95113414-d412-42c0-bef5-edd7a4a27d0e